 Dungeon Crawl Stone Soup version 0.28-a0-206-gc2c9e32840 (webtiles) character file.

Game seed: 3962357328589973586

352 Ezendos the Conjurer (level 6, -1/41 HPs)
             Began as an Octopode Conjurer on Aug 20, 2021.
             Slain by a steam dragon (3 damage)
             ... on level 5 of the Dungeon.
             The game lasted 00:08:11 (5796 turns).

Ezendos the Conjurer (Octopode Conjurer)            Turns: 5796, Time: 00:08:11

Health: -1/41      AC:  1    Str:  6    XL:     6   Next: 61%
Magic:  4/11       EV: 12    Int: 22    God:
Gold:   135        SH:  6    Dex: 11    Spells: 6/11 levels left

rFire   . . .      SeeInvis .   d - +3 dagger (venom)
rCold   . . .      Faith    .   i - +3 buckler
rNeg    . . .      Spirit   .   (helmet restricted)
rPois   .          Reflect  .   (no amulet)
rElec   .          Harm     .   (no ring)
rCorr   .          Rampage  .   (no ring)
Will    .....                   (no ring)
Stlth   +++.......              (no ring)
HPRegen 0.13/turn               (no ring)
MPRegen 0.12/turn               (no ring)
                                (no ring)
                                (no ring)

@: no status effects
A: almost no armour, amphibious, 8 rings, camouflage 1, gelatinous body 1,
(nimble swimmer 1), tentacles
a: no special abilities


You were on level 5 of the Dungeon.
You visited 1 branch of the dungeon, and saw 5 of its levels.

You collected 159 gold pieces.
You spent 24 gold pieces at shops.

Inventory:

Hand Weapons
 d - a +3 dagger of venom (weapon)
Missiles
 h - a throwing net
Armour
 i - a +3 buckler (worn)
Wands
 k - a wand of iceblast (8)
 o - a wand of flame (13)
Scrolls
 b - 2 scrolls of amnesia
 g - a scroll of fog {unknown}
 m - a scroll of noise {unknown}
 n - 3 scrolls of teleportation {unknown}
Potions
 a - a potion of flight
 e - 2 potions of mutation
 f - 2 potions of lignification
 j - a potion of haste {unknown}
 l - 2 potions of brilliance {unknown}


   Skills:
 + Level 2.9 Fighting
 - Level 2.0 Dodging
 - Level 3.0 Stealth
 + Level 1.4 Shields
 + Level 3.3 Spellcasting
 + Level 5.0 Conjurations
 + Level 2.6 Summonings


You had 6 spell levels left.
You knew the following spells:

 Your Spells              Type           Power      Damage    Failure   Level
a - Magic Dart            Conj           100%       1d8       1%          1
b - Searing Ray           Conj           52%        3d5       3%          2
A - Call Imp              Summ           15%        N/A       9%          2

Your spell library contained the following spells:

 Spells                   Type           Power      Damage    Failure   Level
 Summon Small Mammal      Summ           60%        N/A       5%          1
 Animate Skeleton         Necr           6%         N/A       16%         1
 Apportation              Tloc           6%         N/A       16%         1
 Corona                   Hex            3%         N/A       16%         1
 Sting                    Tmut/Pois      12%        1d3       16%         1
 Call Canine Familiar     Summ           15%        N/A       17%         3
 Dazzling Flash           Conj/Hex       28%        N/A       17%         3
 Poisonous Vapours        Pois/Air       6%         N/A       24%         2
 Mephitic Cloud           Conj/Pois/Air  11%        N/A       24%         3
 Summon Guardian Golem    Hex/Summ       9%         N/A       28%         3
 Gell's Gravitas          Tloc           1%         N/A       43%         3
 Lesser Beckoning         Tloc           1%         N/A       43%         3
 Teleport Other           Tloc           3%         N/A       43%         3
 Fulminant Prism          Conj/Hex       7%         3d7       50%         4
 Iskenderun's Mystic Bla  Conj/Tloc      14%        2d5       50%         4
 Olgreb's Toxic Radiance  Pois           3%         N/A       85%         4


Dungeon Overview and Level Annotations

Branches:
Dungeon (5/15)
 Temple: D:4-7

Altars:

Shops:
D:3 *

Annotations:
D:2 Natasha, Sigmund


Innate Abilities, Weirdness & Mutations

You cannot wear most types of armour.
You are amphibious.
You can wear up to eight rings at the same time.
Your skin changes colour to match your surroundings (Stealth+).
Your rubbery body absorbs attacks. (AC +1, EV +1)
((You are camouflaged near water. (Stealth+)))
You have tentacles for arms and can constrict up to eight enemies at once.


Message History

You block the steam dragon's attack. The steam dragon closely misses you.
The searing ray hits the steam dragon.
The steam dragon is heavily wounded.
You finish channeling your searing ray.
You block the steam dragon's attack. The steam dragon claws you.
You hit the steam dragon.
The steam dragon is heavily wounded.
The steam dragon breathes steam at you. The ball of steam hits you!!
You barely miss the steam dragon. Your squeeze misses the steam dragon.
The steam dragon is heavily wounded.
You are engulfed in a cloud of scalding steam.
* * * LOW HITPOINT WARNING * * *
The steam dragon bites you.
* * * LOW HITPOINT WARNING * * *
The steam dragon claws you.
* * * LOW HITPOINT WARNING * * *
Okay, then.
You feel much better.
You are engulfed in a cloud of scalding steam.
The steam dragon barely misses you. The steam dragon claws you.
* * * LOW HITPOINT WARNING * * *
Okay, then.
Unknown command.
Casting: Searing Ray (safe; 3% risk of failure)
Confirm with . or Enter, or press ? or * to list all spells.
Aiming: Searing Ray (safe; 3% risk of failure)
Press: ? - help, Shift-Dir - straight line, f/p - steam dragon
Aim: a steam dragon (heavily wounded, 79% to hit)
The searing ray misses the steam dragon. (Press . to maintain the ray.)
You block the steam dragon's attack. The steam dragon barely misses you.
The searing ray hits the steam dragon.
The steam dragon is severely wounded.
The steam dragon breathes steam at you. The ball of steam misses you.
The steam dragon bites you!
* * * LOW HITPOINT WARNING * * *
The steam dragon claws you.
You die...

..............##
................#
..............#.##
...................
..........######.#.
..........<..........
.(........######...##
...................#
.......@.........
.######§D########
#.........
#######'########
............#
............#
............#
............#
............#


You could see a steam dragon (catching breath).

Vanquished Creatures
  A scorpion (D:4)
  A hound (D:4)
  Terence (D:3)
  An orc wizard (D:3)
  Ijyb (D:4)
  Robin (D:2)
  5 gnolls
  3 adders
  4 worms
  A dart slug (D:1)
  8 orcs
  5 ball pythons
  3 endoplasms
  A giant cockroach (D:2)
  18 goblins
  7 hobgoblins
  5 jackals (D:1)
  2 quokkas
  9 bats
  3 frilled lizards (D:1)
  7 kobolds
  A rat (D:1)
88 creatures vanquished.

Notes
Turn   | Place    | Note
-------+----------+-------------------------------------------
     0 | D:1      | Ezendos the Octopode Conjurer began the quest for the Orb.
     0 | D:1      | Reached XP level 1. HP: 11/11 MP: 3/3
   176 | D:1      | Reached XP level 2. HP: 18/18 MP: 0/5
   277 | D:1      | Learned a level 2 spell: Searing Ray
   419 | D:1      | You fall into a shaft and drop 1 floor!
   440 | D:1      | Learned a level 2 spell: Call Imp
   784 | D:1      | Found a faded altar of an unknown god.
   864 | D:1      | Reached skill level 1 in Fighting
  1014 | D:1      | Reached XP level 3. HP: 23/23 MP: 1/6
  1718 | D:2      | Noticed Robin
  1763 | D:2      | Killed Robin
  1764 | D:2      | Reached skill level 1 in Summonings
  1827 | D:2      | Reached XP level 4. HP: 25/28 MP: 7/7
  2397 | D:2      | Noticed Sigmund
  2397 | D:2      | Noticed Natasha
  3451 | D:3      | Reached XP level 5. HP: 24/34 MP: 4/9
  3470 | D:3      | Found Heyll's Assorted Antiques.
  3539 | D:3      | Bought a scroll labelled LAR MURCHOA for 24 gold pieces
  3675 | D:3      | Noticed Terence
  3740 | D:3      | Killed Terence
  5030 | D:4      | Reached XP level 6. HP: 39/41 MP: 4/10
  5036 | D:4      | Reached skill level 1 in Shields
  5036 | D:4      | Reached skill level 5 in Conjurations
  5224 | D:4      | Noticed Ijyb
  5235 | D:4      | Killed Ijyb
  5719 | D:5      | Entered Level 5 of the Dungeon
  5784 | D:5      | Noticed a steam dragon
  5792 | D:5      | HP: 2/41 [steam dragon (2)]
  5796 | D:5      | Slain by a steam dragon

Illustrated notes

Levels and vault maps discovered:
D:1:      dpeg_arrival_brainrot, layout_basic,
          dreamdust_ecumenical_altar_statues
D:2:      layout_loops_ring, uniq_robin, uniq_sigmund, uniq_natasha
D:3:      layout_basic, serial_shops, shop_fountains,
          cheibrodos_sewer_entry_bend, hangedman_abyss_or_decor_lesser_grid,
          uniq_terence
D:4:      kennysheep_the_goblin_king, layout_basic
D:5:      layout_basic

Skill      XL: |  1  2  3  4  5  6 |
---------------+-------------------+-----
Stealth        | 3 |  3.0
Fighting       | 1 2 |  2.9
Summonings     | 1 2 |  2.6
Spellcasting   | 3 |  3.3
Shields        | 1 |  1.4
Conjurations   | 5 |  5.0
Dodging        | |  2.0

Action                   |  1- 3 |  4- 6 || total
-------------------------+-------+-------++-------
Melee: Dagger            |     2 |    27 ||    29
       Constrict         |       |     6 ||     6
 Cast: Magic Dart        |    33 |    44 ||    77
       Searing Ray       |    14 |    35 ||    49
  Use: Scroll            |       |     9 ||     9
       Potion            |       |     2 ||     2
 Stab: Sleeping          |       |     1 ||     1
Armor: Skin              |       |     3 ||     3
Dodge: Dodged            |     7 |    31 ||    38
Block: Buckler           |       |     4 ||     4

Table legend: (Time is in decaauts)
 A = Elapsed time spent in this place.
 B = Non-inter-level travel time spent in this place.
 C = Inter-level travel time spent in this place.
 D = Time resting spent in this place.
 E = Time spent auto-exploring this place.
 F = Levels seen in this place.
 G = Mean time per level.
                   A        B        C        D        E       F      G
               +--------+--------+--------+--------+--------+-----+--------+
         Total |   5800 |   5593 |    207 |    579 |   4192 |   5 | 1160.0 |
       Dungeon |   5800 |   5593 |    207 |    579 |   4192 |   5 | 1160.0 |
               +--------+--------+--------+--------+--------+-----+--------+

Top non-repeatable levels by time:
     D:2: 1759 daAuts
     D:1: 1542 daAuts
     D:3: 1449 daAuts
     D:4: 972 daAuts
     D:5: 76 daAuts
